 Dungeon Crawl Stone Soup version 0.24-a0-725-gf1a930fc54 (webtiles) character file.

Game seed: 17859114093548281035, levelgen mode: deterministic

132 Erk the Skirmisher (level 5, -12/47 HPs)
             Began as a Hill Orc Fighter on Oct 1, 2019.
             Was a Follower of Uskayaw.
             Killed by divine providence
             ... invoked by an orc priest
              (15 damage)
             ... on level 3 of the Dungeon.
             The game lasted 00:29:02 (2192 turns).

Erk the Skirmisher (Hill Orc Fighter)               Turns: 2192, Time: 00:29:03

Health: -12/47     AC:  7    Str: 20    XL:     5   Next: 15%
Magic:  4/5        EV:  7    Int:  8    God:    Uskayaw [*.....]
Gold:   129        SH:  9    Dex: 10    Spells: 4/4 levels left

rFire    . . .     SeeInvis .   a - +0 war axe
rCold    . . .     Gourm    .   c - +0 shield
rNeg     . . .     Faith    .   b - +0 scale mail
rPois    .         Spirit   .   (no helmet)
rElec    .         Reflect  .   (no cloak)
rCorr    .         Harm     .   (no gloves)
MR       .....                  (no boots)
Stlth    ..........             (no amulet)
HPRegen  0.15/turn              (no ring)
MPRegen  0.09/turn              (no ring)

@: no status effects
A: no striking features
a: Stomp, Renounce Religion, Convert to Beogh


You were on level 3 of the Dungeon.
You worshipped Uskayaw.
Uskayaw was noncommittal.
You were not hungry.

You visited 1 branch of the dungeon, and saw 3 of its levels.

You collected 129 gold pieces.

Inventory:

Hand Weapons
 a - a +0 war axe (weapon)
 g - a +1 falchion of holy wrath
 h - a +0 spear
 k - a +0 hand axe
 q - a +0 hunting sling
Missiles
 n - 78 stones (quivered)
 s - 26 arrows
 t - 18 sling bullets
Armour
 b - a +0 scale mail (worn)
 c - a +0 shield (worn)
Scrolls
 e - 5 scrolls of identify {unknown}
 j - a scroll of enchant armour {unknown}
 m - a scroll of enchant weapon {unknown}
 o - a scroll of magic mapping {unknown}
 p - 2 scrolls of amnesia {unknown}
Potions
 d - a potion of might
 i - 2 potions of lignification {unknown}
 l - 3 potions of haste {unknown}
Comestibles
 f - 5 rations
 r - 12 chunks of flesh


   Skills:
 + Level 4.7 Fighting
 + Level 3.7 Axes
 * Level 4.5 Armour
 + Level 4.1 Shields


You had 4 spell levels left.
You didn't know any spells.
Your spell library was empty.

Dungeon Overview and Level Annotations

Branches:
Dungeon (3/15)

Altars:
Elyvilon
Okawaru
Uskayaw


Message History

You completely miss the orc.
The orc is severely wounded.
The orc barely misses you. x2
You hit the orc.
You kill the orc!
You hit the rat.
You kill the rat!
The orc priest calls upon Beogh to heal the orc.
The orc's wounds heal themselves!
You slash the orc!
You kill the orc!
The orc priest mumbles some strange prayers to Beogh against you.
Beogh smites you!
The orc priest mumbles some strange prayers to Beogh against you.
Beogh smites you!
* * * LOW HITPOINT WARNING * * *
Okay, then.
The orc priest calls down the wrath of Beogh upon you.
Beogh smites you!
You die...

. #..(..........#
##....#.......## # .
#..r.###.._...##.# ..
#...>.# #..8......##
...##.....# #o(_.......#
..........# #..(r.###...
....#$#### #....#......
........# ####o÷......
#......@### #o.......
..........## #........
........#..#####).......
##########..o.o)........
########....... ##....##
#...... #########......
...............


You could see an orc priest.

Vanquished Creatures
  An orc wizard (D:3)
  5 adders (D:2)
  A worm (D:2)
  A dart slug (D:2)
  A leopard gecko (D:3)
  6 orcs (D:3)
  A ball python (D:1)
  2 giant cockroaches
  4 goblins
  6 hobgoblins
  3 jackals (D:2)
  10 bats
  3 frilled lizards
  3 kobolds (D:1)
  7 rats
54 creatures vanquished.

Notes
Turn   | Place    | Note
-------+----------+-------------------------------------------
     0 | D:1      | Erk the Hill Orc Fighter began the quest for the Orb.
     0 | D:1      | Reached XP level 1. HP: 19/19 MP: 1/1
   307 | D:1      | Reached XP level 2. HP: 27/27 MP: 2/2
   978 | D:2      | Reached XP level 3. HP: 24/33 MP: 3/3
  1316 | D:2      | Found an iron altar of Okawaru.
  1390 | D:2      | Reached XP level 4. HP: 31/41 MP: 4/4
  2045 | D:3      | Found a hide-covered altar of Uskayaw.
  2047 | D:3      | Found a white marble altar of Elyvilon.
  2059 | D:3      | Became a worshipper of Uskayaw the Reveler
  2086 | D:3      | Reached * piety under Uskayaw
  2088 | D:3      | Reached ** piety under Uskayaw
  2114 | D:3      | Reached XP level 5. HP: 42/47 MP: 0/5
  2188 | D:3      | HP: 2/47 [orc priest/divine providence (13)]
  2192 | D:3      | Killed from afar by an orc priest

Levels and vault maps discovered:
D:1:      lemuel_arrival_behind_the_door_large, layout_basic,
          hangedman_abyss_or_decor_lesser_grid
D:2:      layout_basic, okawaru_trees_1, first_ration
D:3:      layout_rooms, chequers_temple_overflow_statue_of_worship

Skill      XL: |  1  2  3  4 |
---------------+-------------+-----
Fighting       | 4 |  4.7
Axes           | 3 |  3.7
Armour         | 4 |  4.5
Shields        | 4 |  4.1

Action                   |  1- 3 |  4- 6 || total
-------------------------+-------+-------++-------
Melee: War axe           |    98 |    88 ||   186
Invok: Line Pass         |       |     1 ||     1
       Stomp             |       |     1 ||     1
  Eat: Chunk             |     1 |     4 ||     5
Armor: Scale mail        |    50 |    46 ||    96
Dodge: Dodged            |    32 |    35 ||    67
Block: Shield            |    59 |    48 ||   107

Table legend:
 A = Non-vault XP
 B = Vault XP
 C = Vault XP percentage of total XP
 D = Non-vault monster count
 E = Vault monster count
 F = Vault count percentage of total count
                 A         B        C        D         E       F
            +---------+---------+-------+---------+---------+-------
      Total |     189 |       0 |   0.0 |      54 |       0 |   0.0
            +---------+---------+-------+---------+---------+-------
        D:1 |      19 |       0 |   0.0 |      13 |       0 |   0.0
        D:2 |     107 |       0 |   0.0 |      27 |       0 |   0.0
        D:3 |      63 |       0 |   0.0 |      14 |       0 |   0.0
            +---------+---------+-------+---------+---------+-------
